 Dungeon Crawl Stone Soup version 0.30-a0-222-ge547ba4400 (webtiles) character file.

Game seed: 812826343777739461

2973 heikuro the Spear-Bearer (level 10, -1/77 HPs)
             Began as a Formicid Fighter on Oct 8, 2022.
             Was a Priest of Nemelex Xobeh.
             Slain by Erica
             ... wielding a +4 scimitar of flaming
              (14 damage)
             ... on level 8 of the Dungeon.
             The game lasted 00:16:23 (7411 turns).

heikuro the Spear-Bearer (Formicid Fighter)         Turns: 7411, Time: 00:16:23

Health: -1/77      AC:  0    Str: 24    XL:     10   Next: 8%
Magic:  14/14      EV: 13    Int:  7    God:    Nemelex Xobeh [***...]
Gold:   401        SH:  0    Dex: 17    Spells: 9/9 levels left

rFire   . . .      SeeInvis .    (weapon currently unavailable)
rCold   . . .      Faith    .    (shield currently unavailable)
rNeg    . . .      Spirit   .    (body armour currently unavailable)
rPois   .          Reflect  .    (helmet unavailable)
rElec   .          Harm     .    (cloak currently unavailable)
rCorr   .          Rampage  .    (gloves currently unavailable)
Will    +....                    (boots currently unavailable)
Stlth   ++........               (no amulet)
HPRegen 0.32/turn                (ring currently unavailable)
MPRegen 0.14/turn                (ring currently unavailable)

@: pig-form, elixired, very quick
A: fast, no casting, permanent stasis, dig shafts and tunnels, small, (antennae
3), four strong arms, (large bone plates 1), agile 1, sense surroundings 1, wild
magic 1
a: Renounce Religion, Draw Escape, Draw Destruction, Draw Summoning, Triple Draw


You were on level 8 of the Dungeon.
You worshipped Nemelex Xobeh.
Nemelex Xobeh was most pleased with you.
You were a filthy swine.
You visited 2 branches of the dungeon, and saw 9 of its levels.
You also visited: Sewer.

You collected 401 gold pieces.

Inventory:

Hand Weapons
 a - a +0 trident
 b - a +4 quarterstaff of chaos (melded)
Missiles
 e - 7 poisoned darts
 y - a curare-tipped dart
Armour
 c - a +0 buckler (melded)
 g - a +0 pair of gloves (melded)
 p - a +0 cloak (melded)
 q - a +0 chain mail of poison resistance (melded)
Jewellery
 h - a ring of willpower (melded)
 o - a +6 ring of intelligence (melded)
Wands
 k - a wand of mindburst (19)
 C - a wand of digging (3)
Scrolls
 i - a scroll of teleportation {unknown}
 j - 4 scrolls of poison
 l - a scroll of silence {unknown}
 r - a scroll of immolation
 s - a scroll of vulnerability {unknown}
 t - a scroll of blinking {unknown}
 v - a scroll of brand weapon {unknown}
 w - 2 scrolls of magic mapping {unknown}
 z - a scroll of fog {unknown}
 A - a scroll of fear {unknown}
 B - 2 scrolls of enchant weapon {unknown}
 D - 2 scrolls of identify
 G - a scroll of torment {unknown}
 H - a scroll of enchant armour {unknown}
Potions
 d - 2 potions of might
 f - 7 potions of curing
 m - a potion of mutation
 n - 2 potions of ambrosia
 u - 3 potions of invisibility
 x - a potion of heal wounds
 E - a potion of resistance
 F - a potion of flight {unknown}


   Skills:
 + Level 6.9 Fighting
 * Level 8.0 Polearms
 + Level 6.8 Armour
 + Level 8.0 Shields
 + Level 6.1 Invocations


You had 9 spell levels left.
You didn't know any spells.
Your spell library contained the following spells:

 Spells                   Type           Power      Damage    Failure   Level
 Gell's Gravitas          Tloc           0%         N/A       86%         3
 Ignite Poison            Fire/Tmut/Pois 0%         N/A       86%         3
 Ozocubu's Armour         Ice            0%         N/A       86%         3
 Teleport Other           Tloc           0%         N/A       86%         3
 Manifold Assault         Tloc           0%         N/A       99%         4
 Sticky Flame             Conj/Fire      0%         2d3       99%         4
 Metabolic Englaciation   Hex/Ice        0%         N/A       100%        5
 Dispersal                Tloc           0%         N/A       100%        6
 Simulacrum               Ice/Necr       0%         N/A       100%        6
 Storm Form               Tmut/Air       0%         N/A       100%        7
 Ignition                 Fire           0%         3d3       100%        8
 Blink                    Tloc           Unusable   N/A       N/A         2

Dungeon Overview and Level Annotations

Branches:
Dungeon (8/15)             Temple (1/1) D:5           Sewer (visited)
   Lair: D:8-11

Altars:
Ashenzari
Cheibriados
Dithmenos
Elyvilon
Fedhas
Hepliaklqana
Kikubaaqudgha
Makhleb
Nemelex Xobeh
Okawaru
Qazlal
Ru
Trog
Uskayaw
Wu Jian
Xom
Yredelemnul
Zin
The Shining One

Shops:
D:7 ?[:

Annotations:
D:8 Erica


Innate Abilities, Weirdness & Mutations

You are a filthy swine.
You move quickly.
Your equipment is almost entirely melded.
You are incapable of wielding weapons or throwing items.
You cannot cast spells.
You cannot be hasted, slowed, berserked, paralysed or teleported.
You can dig through walls and to a lower floor.
((You have a pair of large antennae on your head. (SInv)))
Your four strong arms can wield two-handed weapons with a shield.
((You are partially covered in large bone plates. (SH +4)))
You are agile. (Dex +4, Str/Int -1)
You passively map a small area around you.
Your spells are a little harder to cast, but a little more powerful.


Message History

You hit something but do no damage.
You hear some strange, mumbled words.
A lance of force appears from out of thin air!
The lance of force hits you!!
* * * LOW HITPOINT WARNING * * *
You are knocked back by the lance of force.
You slam into the rock wall!
* * * LOW HITPOINT WARNING * * *
You draw a card...
You have drawn the Elixir.
You begin rapidly regenerating health and magic.
The deck of cards disappears without a trace.
You hear some strange, mumbled words.
A lance of force appears from out of thin air!
The lance of force hits you!
* * * LOW HITPOINT WARNING * * *
You are knocked back by the lance of force.
You slam into the rock wall!
* * * LOW HITPOINT WARNING * * *
Unknown command.
Unknown command.
Unknown command.
Unknown command.
Unknown command.
Unknown command.
Unknown command.
Unknown command.
Unknown command.
Unknown command.
Unknown command.
Unknown command.
Unknown command.
Unknown command.
Unknown command.
Unknown command.
Unknown command.
Unknown command.
Unknown command.
You draw a card...
You have drawn the Rangers.
Something hits you!
You die...
Your body glows slightly and disappears.

~ ~
##...........††....
* ~~
##................>.
~~ ~ ~
#....#######........
#....# #...))... ,
,* #....# #....####
#....# #....#..#
#...c# #....#..#
#####.{..# #....#..#
, #......h.#
#....#..#
*#......c.#
#....#..'
........c...#
#....'..#
............#
#....#..#
............#
#....#..#
........?...#
#....#..#
....[.......#
#....#### ,
.#+###+###+##
####..... #.....


You could see 3 friendly centaur warriors.

Vanquished Creatures
  Pikel (D:6)
  Grinder (D:5)
  Sigmund (D:5)
  2 water moccasins
  3 ice beasts
  2 sky beasts
  2 black bears
  A kobold brigand (Sewer)
  A scorpion (D:5)
  A necrophage (D:6)
  4 howler monkeys
  2 orc priests
  Crazy Yiuf (D:5)
  2 hounds (D:6)
  3 jellies
  A gnoll bouda (D:5)
  2 iguanas (D:5)
  Jessica (D:3)
  7 orc wizards
  Robin (D:4)
  16 gnolls
  15 adders
  A river rat (Sewer)
  A shadow imp (D:6)
  3 white imps
  8 worms
  3 dart slugs
  20 orcs
  6 ball pythons
  3 bats
  8 endoplasms
  5 giant cockroaches
  12 goblins
  7 hobgoblins
  2 jackals (D:1)
  14 kobolds
  2 quokkas
  5 frilled lizards
  5 rats
175 creatures vanquished.

Vanquished Creatures (others)
  A gnoll (D:7)
1 creature vanquished.

Grand Total: 176 creatures vanquished

Notes
Turn   | Place    | Note
-------+----------+-------------------------------------------
     0 | D:1      | heikuro the Formicid Fighter began the quest for the Orb.
     0 | D:1      | Reached XP level 1. HP: 18/18 MP: 1/1
    88 | D:1      | Reached XP level 2. HP: 24/24 MP: 2/2
   275 | D:1      | Reached XP level 3. HP: 29/29 MP: 3/3
  1279 | D:2      | Found a faded altar of an unknown god.
  1319 | D:2      | Prayed at the altar of an unknown god.
  1319 | D:2      | Became a worshipper of Nemelex Xobeh the Trickster
  1319 | D:2      | Reached * piety under Nemelex Xobeh
  1540 | D:2      | Received a gift from Nemelex Xobeh
  1715 | D:2      | Reached XP level 4. HP: 37/37 MP: 4/4
  1898 | D:3      | Reached skill level 1 in Invocations
  2023 | D:3      | Reached XP level 5. HP: 42/42 MP: 5/5
  2183 | D:3      | Found a hazy altar of Hepliaklqana.
  2229 | D:3      | Noticed Jessica
  2247 | D:3      | Killed Jessica
  2612 | D:4      | Noticed a black bear
  2656 | D:4      | Killed a black bear
  2657 | D:4      | Reached skill level 5 in Shields
  2657 | D:4      | Reached XP level 6. HP: 26/49 MP: 7/7
  2786 | D:4      | Noticed Robin
  2936 | D:4      | Killed Robin
  3111 | D:4      | Received a gift from Nemelex Xobeh
  3258 | D:4      | Found a broken altar of Ashenzari.
  3333 | D:5      | Entered Level 5 of the Dungeon
  3334 | D:5      | Noticed Dowan
  3335 | D:5      | Noticed Duvessa
  3346 | D:5      | Duvessa changed into Duvessa the iguana
  3346 | D:5      | Noticed Duvessa
  3346 | D:5      | Dowan changed into Dowan the iguana
  3346 | D:5      | Noticed Dowan
  3354 | D:5      | Killed Duvessa the iguana
  3355 | D:5      | Reached XP level 7. HP: 35/50 MP: 8/8
  3357 | D:5      | Killed Dowan the iguana
  3575 | D:5      | Found a runed translucent door.
  3576 | D:5      | Identified the +6 hammer of Valiance {vorpal, rElec rC+}
  3576 | D:5      | Noticed Crazy Yiuf
  3594 | D:5      | Killed Crazy Yiuf
  3974 | D:5      | Noticed Grinder
  3986 | D:5      | Killed Grinder
  3987 | D:5      | Reached skill level 5 in Fighting
  3987 | D:5      | Reached skill level 5 in Polearms
  3987 | D:5      | Reached skill level 5 in Armour
  3987 | D:5      | Reached XP level 8. HP: 24/62 MP: 10/10
  4177 | D:5      | Noticed Sigmund
  4218 | D:5      | Killed Sigmund
  4315 | D:5      | Found a staircase to the Ecumenical Temple.
  4370 | Temple   | Entered the Ecumenical Temple
  4530 | D:5      | Reached ** piety under Nemelex Xobeh
  4912 | D:6      | Noticed Pikel
  4912 | D:6      | Received a gift from Nemelex Xobeh
  5054 | D:6      | Reached XP level 9. HP: 58/69 MP: 12/12
  5129 | D:6      | Found a glowing drain.
  5145 | Sewer    | Entered a sewer
  5388 | Sewer    | Gained mutation: You passively map a small area around you.
                  | [potion of mutation]
  5388 | Sewer    | Gained mutation: Your spells are a little harder to cast,
                  | but a little more powerful. [potion of mutation]
  5388 | Sewer    | Gained mutation: You are partially covered in large bone
                  | plates. (SH +4) [potion of mutation]
  5388 | Sewer    | Gained mutation: You are agile. (Dex +4, Str/Int -1)
                  | [potion of mutation]
  5649 | D:6      | Found a bloodstained altar of Trog.
  5667 | D:6      | Reached skill level 5 in Invocations
  5852 | D:6      | Killed Pikel
  6761 | D:7      | Reached XP level 10. HP: 77/77 MP: 14/14
  6786 | D:7      | Found Suecs's Book Boutique.
  6816 | D:7      | Found Oczyh's Magic Scroll Boutique.
  6849 | D:7      | Found Haokhleja's Armour Emporium.
  6981 | D:7      | Received a gift from Nemelex Xobeh
  7043 | D:7      | Reached *** piety under Nemelex Xobeh
  7390 | D:8      | Noticed Erica
  7409 | D:8      | HP: 2/77 [something (3)]
  7411 | D:8      | Slain by Erica

Illustrated notes

Levels and vault maps discovered:
D:1:      wander_arrival_fairy_ring, layout_basic
D:2:      layout_loops_ring, hellmonk_ecumenical_altar_blasted
D:3:      minmay_spotlight, layout_rooms, nzn_hepliaklqana_mist_gate,
          uniq_jessica
D:4:      layout_rooms, mainiacjoe_overflow_boulevard, uniq_robin
D:5:      layout_rooms, minmay_temple_entry_enclosed_plants,
          wad_floor_pattern_untrapped, chequers_serial_rivers_large_a,
          corner_web_ring, uniq_sigmund, uniq_duvessa, uniq_grinder,
          uniq_crazy_yiuf_cottage
D:6:      layout_loops_corners, trog_three_pillars_becter,
          cheibrodos_sewer_entry_bend, uniq_pikel
D:7:      layout_basic, serial_shops,
          nicolae_shop_temple_entry_statues_fountains, nicolae_shop_crystal,
          nicolae_shop_trees, kennysheep_windowed_goal
D:8:      kennysheep_big_flooded_room, layout_gridville, uniq_erica
Temple:   lightli_temple_of_artemis

Skill      XL: |  1  2  3  4  5  6  7  8  9 10 |
---------------+-------------------------------+-----
Polearms       | 3 4 5 6 7 8 |  8.0
Invocations    | 1 2 3 4 5 6 |  6.1
Fighting       | 4 5 6 |  6.9
Armour         | 4 5 6 |  6.8
Shields        | 5 6 7 8 |  8.0

Action                   |  1- 3 |  4- 6 |  7- 9 | 10-12 || total
-------------------------+-------+-------+-------+-------++-------
Melee: Trident           |    84 |   230 |    45 |       ||   359
       Quarterstaff      |       |       |   218 |    38 ||   256
       Unarmed           |       |       |       |     2 ||     2
Invok: Draw Destruction  |       |     1 |     1 |       ||     2
       Draw Escape       |       |       |       |     1 ||     1
       Draw Summoning    |       |       |       |     1 ||     1
 Abil: Dig               |       |       |     3 |       ||     3
  Use: Scroll            |     1 |     4 |     3 |     1 ||     9
       Potion            |       |       |     1 |       ||     1
 Stab: Confused          |       |       |     1 |       ||     1
       Distracted        |       |       |       |     1 ||     1
Armor: Scale mail        |    14 |       |       |       ||    14
       Chain mail        |    21 |   144 |   104 |     8 ||   277
Dodge: Dodged            |    27 |    71 |    70 |     9 ||   177
Block: Buckler           |    17 |    64 |    67 |    12 ||   160

Table legend: (Time is in decaauts)
 A = Elapsed time spent in this place.
 B = Non-inter-level travel time spent in this place.
 C = Inter-level travel time spent in this place.
 D = Time resting spent in this place.
 E = Time spent auto-exploring this place.
 F = Levels seen in this place.
 G = Mean time per level.
                   A        B        C        D        E       F      G
               +--------+--------+--------+--------+--------+-----+--------+
         Total |   7614 |   7121 |    493 |    661 |   3737 |  10 |  761.4 |
       Dungeon |   7024 |   6548 |    476 |    661 |   3654 |   8 |  878.0 |
        Temple |    109 |     92 |     17 |      0 |     83 |   1 |  109.0 |
         Sewer |    481 |    481 |      0 |      0 |      0 |   1 |  481.0 |
               +--------+--------+--------+--------+--------+-----+--------+

Top non-repeatable levels by time:
     D:5: 1384 daAuts
     D:7: 992 daAuts
     D:1: 968 daAuts
     D:6: 936 daAuts
     D:3: 930 daAuts
     D:4: 835 daAuts
     D:2: 804 daAuts
   Sewer: 481 daAuts
     D:8: 172 daAuts
  Temple: 109 daAuts
